Map: Deathaura LE

Players

Scarlett - Winner!

  • Race: Zerg Zerg
  • Spawn Location: 11:00

DisK

  • Race: Protoss Protoss
  • League: Grandmaster
  • Spawn Location: 5:00

Event: DreamHack SC2 Masters 2020 Fall

VOD

Have the link to the VOD?

Description

Time

  • Played on: Sept. 3, 2020, 5:04 p.m.
  • Length: 11:40

All games in this series

Show
View Real Time Build Order
Export as new Build Order

Scarlett Zerg - Winner!

Build Orders: Hatch First, Swarm Host 

Get SALT Encoding   

  12  0:00  Drone  
  13  0:13  Overlord  
  13  0:16  Drone  
  14  0:31  Drone x2  
  16  0:47  Hatchery  
  15  0:51  Drone  
  15  0:54  Drone  
  17  0:58  Drone  
  18  1:08  Extractor  
  17  1:12  Spawning Pool  
  17  1:16  Drone  
  17  1:19  Drone  
  18  1:29  Drone  
  20  1:40  Drone  
  20  1:50  Drone  
  21  1:59  Queen x2  
  21  2:00  Zergling x2  
  21  2:01  Overlord  
  26  2:09  Drone  
  26  2:11  Metabolic Boost  
  26  2:12  Drone  
  28  2:21  Drone  
  29  2:30  Drone  
  29  2:32  Hatchery  
  29  2:34  Drone  
  30  2:39  Drone  
  31  2:47  Drone, Overlord  
  32  2:54  Drone, Queen  
  32  2:55  Drone  
  36  3:07  Drone x5  
  41  3:13  Overlord  
  41  3:16  Queen  
  43  3:23  Overlord  
  43  3:25  Drone  
  44  3:34  Drone  
  44  3:39  Drone x2  
  44  3:40  Drone x5  
  52  3:43  Queen  
  54  3:49  Zergling x2  
  54  3:50  Zergling x4  
  54  3:51  Lair  
  54  3:55  Roach Warren  
  56  4:01  Zergling x6  
  56  4:02  Extractor  
  58  4:10  Spine Crawler  
  58  4:12  Zergling x12  
  63  4:22  Drone  
  63  4:23  Drone x2  
  65  4:32  Drone, Overlord  
  65  4:33  Overlord  
  65  4:34  Spore Crawler x2  
  60  4:48  Drone x7  
  60  4:49  Spore Crawler  
  64  4:55  Drone  
  64  4:59  Drone  
  63  5:00  Drone x4  
  63  5:03  Drone x3  
  63  5:04  Drone  
  68  5:12  Drone  
  68  5:15  Extractor  
  68  5:16  Evolution Chamber  
  68  5:17  Drone x2  
  68  5:20  Extractor  
  68  5:21  Glial Reconstitution  
  63  5:22  Drone  
  63  5:24  Extractor  
  63  5:25  Drone, Extractor  
  63  5:33  Drone x4  
  63  5:34  Drone  
  68  5:37  Drone  
  68  5:38  Drone x2  
  68  5:42  Overlord x2  
  71  5:43  Drone x3  
  71  5:47  Overseer  
  71  5:49  Roach  
  76  5:52  Zerg Missile Weapons Level 1  
  76  5:54  Drone  
  76  5:55  Drone  
  77  5:59  Drone  
  77  6:03  Drone x4  
  82  6:07  Infestation Pit  
  82  6:09  Drone x4  
  85  6:11  Overlord  
  85  6:12  Roach x3  
  85  6:15  Queen  
  93  6:21  Hatchery  
  92  6:34  Overlord x2  
  92  6:37  Nydus Network  
  91  6:45  Swarm Host x5  
  106  6:52  Overlord x2  
  106  6:53  Swarm Host x4  
  118  7:09  Swarm Host x6  
  118  7:14  Overlord x2  
  136  7:19  Nydus Canal  
  136  7:21  Roach  
  138  7:24  Overlord x2  
  138  7:30  Overlord x2  
  136  7:37  Nydus Canal  
  136  7:40  Swarm Host x5  
  151  7:48  Swarm Host  
  151  7:49  Swarm Host  
  157  7:53  Zergling x8  
  157  7:54  Zergling x12  
  167  8:02  Extractor  
  167  8:03  Nydus Canal  
  167  8:04  Extractor  
  161  8:06  Zerg Missile Weapons Level 2  
  161  8:08  Drone x9  
  161  8:09  Hydralisk Den  
  169  8:18  Roach x7  
  177  8:22  Overseer  
  175  8:29  Roach x2  
  175  8:30  Roach x2  
  182  8:37  Roach  
  182  8:38  Roach x5  
  186  8:46  Overlord  
  185  8:49  Muscular Augments  
  185  8:50  Lurker Den  
  173  9:03  Nydus Canal  
  173  9:09  Hive  
  169  9:13  Drone x2  
  170  9:17  Spore Crawler  
  170  9:19  Drone x3  
  170  9:20  Drone  
  170  9:23  Hydralisk x10  
  184  9:30  Drone x2  
  187  9:40  Spine Crawler x2  
  187  9:41  Spore Crawler  
  187  9:42  Nydus Canal  
  184  9:47  Overlord  
  181  10:00  Nydus Canal  
  181  10:01  Hydralisk  
  181  10:02  Hydralisk x8  
  187  10:38  Hydralisk x6  
  197  10:58  Spine Crawler  
  197  11:01  Hydralisk x2  
  194  11:07  Nydus Canal  
  192  11:16  Spine Crawler  
  192  11:18  Spine Crawler  
  196  11:26  Nydus Canal  
Show
View Real Time Build Order
Export as new Build Order

DisK Protoss 

Build Orders: 1 Gate Expand, Oracle Opening, Zealot Archon 

Get SALT Encoding   

  12  0:00  Probe  
  13  0:12  Probe  
  14  0:17  Pylon  
  14  0:24  Probe  
  15  0:35  Gateway  
  15  0:37  Probe (Chrono Boost)  
  16  0:46  Assimilator, Probe (Chrono Boost)  
  17  0:51  Probe (Chrono Boost)  
  18  1:03  Probe  
  19  1:15  Probe  
  20  1:23  Nexus  
  20  1:33  Cybernetics Core  
  20  1:36  Probe  
  21  1:42  Assimilator  
  21  1:48  Probe  
  22  1:55  Pylon  
  22  2:00  Probe (Chrono Boost)  
  23  2:09  Warp Gate  
  23  2:12  Stalker (Chrono Boost)  
  23  2:15  Probe (Chrono Boost)  
  26  2:22  Probe  
  26  2:29  Stargate  
  27  2:35  Adept  
  30  2:38  Probe (Chrono Boost)  
  30  2:42  Probe (Chrono Boost)  
  30  2:48  Shield Battery  
  30  2:49  Probe (Chrono Boost)  
  30  2:51  Probe (Chrono Boost)  
  32  2:57  Probe  
  33  3:01  Probe  
  34  3:09  Probe  
  34  3:10  Oracle (Chrono Boost)  
  38  3:13  Probe  
  38  3:18  Adept  
  38  3:19  Gateway  
  41  3:21  Probe  
  41  3:25  Probe  
  41  3:26  Pylon  
  43  3:33  Probe  
  44  3:38  Probe  
  45  3:42  Oracle (Chrono Boost)  
  45  3:45  Probe  
  45  3:47  Pylon  
  49  3:50  Probe  
  49  3:53  Assimilator  
  49  3:54  Robotics Facility, Assimilator  
  50  3:58  Probe  
  50  4:00  Adept  
  53  4:04  Probe  
  54  4:16  Adept  
  56  4:18  Probe x2  
  58  4:27  Nexus  
  58  4:29  Pylon  
  59  4:35  Pylon, Probe (Chrono Boost)  
  59  4:36  Probe (Chrono Boost)  
  60  4:42  Probe (Chrono Boost)  
  55  4:49  Adept x2  
  59  4:56  Immortal  
  59  5:06  Gateway  
  59  5:07  Gateway  
  59  5:08  Twilight Council, Pylon  
  59  5:09  Forge  
  59  5:10  Adept x2  
  62  5:18  Probe x2  
  62  5:29  Nexus  
  62  5:31  Pylon  
  62  5:33  Zealot, Charge (Chrono Boost)  
  64  5:38  Observer  
  64  5:39  Sentry  
  64  5:40  Probe x2  
  64  5:41  Protoss Ground Weapons Level 1 (Chrono Boost)  
  69  5:59  Probe  
  69  6:00  Probe  
  69  6:03  Gateway  
  69  6:04  Gateway  
  71  6:08  Templar Archives  
  71  6:11  Probe  
  71  6:12  Sentry x2, Probe  
  71  6:16  Gateway  
  77  6:20  Gateway  
  77  6:29  Probe x2  
  77  6:30  Warp Prism (Chrono Boost)  
  81  6:41  Probe  
  81  6:43  Zealot  
  81  6:44  Zealot  
  86  6:48  Pylon  
  86  6:53  Zealot x2  
  90  6:59  Pylon  
  90  7:10  Probe x2  
  90  7:12  Assimilator  
  90  7:13  Pylon  
  92  7:16  Assimilator  
  92  7:28  High Templar x4  
  92  7:29  Zealot, High Templar x2  
  106  7:30  Zealot  
  106  7:35  Archon x2  
  106  7:36  Shield Battery x2  
  106  7:40  Immortal  
  106  7:42  Shield Battery  
  110  7:45  Archon  
  110  7:51  Protoss Ground Weapons Level 2 (Chrono Boost)  
  100  7:54  Probe x3  
  103  8:04  Zealot x7  
  109  8:08  Gateway  
  103  8:13  Gateway  
  103  8:18  Shield Battery  
  102  8:23  Zealot  
  102  8:24  Zealot x2  
  102  8:25  High Templar  
  102  8:26  Zealot x3, High Templar  
  118  8:32  Archon  
  114  8:39  Void Ray  
  108  8:47  Immortal  
  116  8:54  Zealot x4  
  124  8:59  Pylon  
  124  9:00  Pylon  
  124  9:02  Zealot  
  124  9:06  Probe x2  
  112  9:25  Warp Prism (Chrono Boost)  
  108  9:31  High Templar x7  
  108  9:32  Zealot x2  
  108  9:33  Zealot  
  108  9:35  Nexus  
  108  9:37  Pylon, Archon x3  
  120  9:58  Zealot  
  120  9:59  Zealot x2  
  124  10:03  Psionic Storm  
  120  10:07  Shield Battery x2  
  120  10:13  Immortal  
  124  10:19  Zealot x4  
  124  10:20  Stalker  
  134  10:27  Zealot x5  
  127  10:43  Zealot x4  
  121  10:57  Zealot x6  
  121  11:03  Immortal (Chrono Boost)  
  133  11:10  Assimilator x2  
  127  11:20  Zealot  
  127  11:21  Zealot x3  
  93  11:36  Zealot x4  

Tags
 
Add a new tag
Caveats
  • Supply blocks, unpowered buildings, or Contaminate may cause inaccurate times.
  • Supply counts are checked every 10 seconds.